Islanders vs Devils
Created - April 1, 2021 at 19:01
Goals
|
Islanders |
1 |
1 |
0 |
2 |
Devils |
4 |
1 |
3 |
8 |
|
Shots
|
Islanders |
10 |
5 |
10 |
25 |
Devils |
13 |
9 |
13 |
35 |
|
1st period
1. Devils , Zach Parise 18 (Brad Richards 18, Michael Del Zotto 13) at 3:02 (PP)
2. Devils , Tyler Ennis 41 (Marian Gaborik 50, Patrick Kaleta 16) at 4:18 (PP)
3. Islanders , Zac Dalpe 1 (Adam Pineault 5) at 11:15
4. Devils , Brad Richardson 8 (Nick Bonino 12, Nazem Kadri 61) at 12:49
5. Devils , Marian Gaborik 30 (Matt Donovan 11) at 15:16
Penalties :
Joe Thornton (NYI) for Holding (Minor) at 2:24, Evander Kane (NYI) for Checking from behind (Minor) at 4:08, Marian Gaborik (NJD) for Interference (Minor) at 13:02, Jiri Hudler (NYI) for Holding (Minor) at 16:06
2nd period
6. Islanders , Zac Dalpe 2 (Tomas Fleischmann 14, Ryan Ellis 64) at 12:47
7. Devils , Marian Gaborik 31 (Patrick Kaleta 17, Tyler Ennis 45) at 16:04 (PP)
Penalties :
Tomas Plekanec (NYI) for Cross-checking (Minor) at 2:40, Dustin Byfuglien (NYI) for Cross-checking (Minor) at 14:13, Zac Rinaldo (NYI) for Roughing (Minor) at 17:51
3rd period
8. Devils , Nazem Kadri 22 (Michael Del Zotto 14, Marian Gaborik 51) at 1:47
9. Devils , Kristopher Letang 10 (Michael Del Zotto 15, Tyler Ennis 46) at 7:08 (PP)
10. Devils , Chris Stewart 14 (Jamie Arniel 19, Michael Del Zotto 16) at 7:50
Penalties :
Jay Bouwmeester (NYI) for Holding (Minor) at 2:28, Jay Bouwmeester (NYI) for High sticking (Minor) at 6:52, Anton Stralman (NJD) for Fighting (Major) at 7:11, Fedor Tyutin (NYI) for Fighting (Major) at 7:11, Nazem Kadri (NJD) for Holding (Minor) at 17:23
Goalie Stats
Jonathan Quick (NYI), 17 saves from 21 shots - (0.810), L, 30-20-7, 27:26 minutes
Julien Ellis (NYI), 10 saves from 14 shots - (0.714), 32:34 minutes
Maxime Daigneault (NJD), 23 saves from 25 shots - (0.920), W, 33-15-7, 60:00 minutes
Players Stats for Islanders
Player Name G A P +/- PIM S H SB GA TA FO MP PP MP PK MP
------------------------------------------------------------------------------------
Adam Pineault 0 1 1 0 0 0 1 0 0 0 0/3 11:55 0:08 0:00
Carl Klingberg 0 0 0 0 0 0 1 0 0 0 0/0 2:39 0:08 1:36
Dustin Byfuglien 0 0 0 -1 2 1 0 0 0 1 0/0 20:25 1:22 4:03
Evander Kane 0 0 0 0 2 8 3 0 1 1 2/5 26:10 2:04 5:52
Fedor Tyutin 0 0 0 0 5 1 0 2 0 0 0/0 23:43 2:36 5:53
Jay Bouwmeester 0 0 0 -1 4 1 2 2 1 2 0/0 20:29 1:22 4:08
Jiri Hudler 0 0 0 -2 2 2 3 1 1 0 0/0 16:20 1:46 0:00
Joe Thornton 0 0 0 0 2 0 1 0 0 1 16/29 21:23 2:04 3:16
Justin Falk 0 0 0 0 0 0 0 0 0 0 0/0 2:25 0:00 0:00
R.J. Umberger 0 0 0 0 0 2 0 0 0 0 0/0 11:46 0:08 0:00
Ryan Ellis 0 1 1 -1 0 3 0 2 1 1 0/0 29:33 2:36 5:53
T.J. Fast 0 0 0 -1 0 0 0 0 0 0 0/0 12:30 0:00 0:00
Tomas Fleischmann 0 1 1 -2 0 1 1 0 0 2 0/0 19:22 1:46 3:13
Tomas Kundratek 0 0 0 0 0 0 0 0 0 0 0/0 10:54 0:00 1:45
Tomas Plekanec 0 0 0 -2 2 0 1 0 0 0 10/16 16:38 1:46 0:03
Vladimir Tarasenko 0 0 0 0 0 3 0 0 0 0 9/14 26:15 2:04 6:01
Zac Dalpe 2 0 2 0 0 3 2 0 1 0 2/7 11:38 0:00 0:00
Zac Rinaldo 0 0 0 0 2 0 2 0 0 0 0/0 4:55 0:00 1:41
Players Stats for Devils
Player Name G A P +/- PIM S H SB GA TA FO MP PP MP PK MP
------------------------------------------------------------------------------------
Anton Stralman 0 0 0 0 5 0 1 1 0 1 0/0 20:01 2:31 2:34
Brad Richards 0 1 1 -1 0 2 0 0 2 0 1/2 15:20 4:38 0:52
Brad Richardson 1 0 1 0 0 1 1 0 0 0 0/0 6:46 0:07 0:00
Chris Stewart 1 0 1 1 0 1 1 1 0 0 0/0 19:07 4:38 0:00
Eric Tangradi 0 0 0 0 0 1 1 0 0 0 0/0 6:53 0:00 0:49
Jamie Arniel 0 1 1 1 0 2 2 0 2 1 9/23 16:01 0:11 0:59
Josh Gorges 0 0 0 0 0 1 1 3 0 1 0/0 21:38 2:31 2:34
Kristopher Letang 1 0 1 1 0 2 1 0 0 0 0/0 26:01 8:20 0:00
Marian Gaborik 2 2 4 2 2 4 2 0 2 0 0/1 21:06 6:06 0:00
Martin Samuelsson 0 0 0 -1 0 0 0 1 0 0 1/2 11:41 0:00 2:10
Matt Donovan 0 1 1 2 0 1 1 1 0 1 0/0 13:59 0:00 1:24
Michael Del Zotto 0 4 4 0 0 5 0 2 2 0 0/0 26:30 8:20 1:24
Nazem Kadri 1 1 2 2 2 2 1 0 0 1 13/26 15:36 0:00 0:00
Nick Bonino 0 1 1 0 0 2 1 0 0 0 4/5 6:13 0:00 0:00
Patrick Kaleta 0 2 2 -1 0 2 1 0 0 0 5/12 17:47 6:09 2:07
Thomas Hickey 0 0 0 1 0 0 1 0 0 0 0/0 10:02 0:00 0:00
Tyler Ennis 1 2 3 2 0 6 0 0 0 0 1/1 20:46 6:06 0:00
Zach Parise 1 0 1 1 0 3 0 1 0 0 1/2 20:32 4:38 0:59
3 Stars
1 - Marian Gaborik (NJD)
2 - Tyler Ennis (NJD)
3 - Michael Del Zotto (NJD)
Power Play
Islanders - 0 on 2 Attempt(s) - 0.00%
Devils - 4 on 8 Attempt(s) - 50.00%
Penalty Kill
Islanders - 4 on 8 Attempt(s) - 50.00%
- Score 0 goal in Penalty Kill
Devils - 2 on 2 Attempt(s) - 100.00%
- Score 0 goal in Penalty Kill
Team Stat
Islanders - Hits : 17 - Faceoff Wins : 39 - Blocked Shots : 7 - Penalty Minutes : 21
Devils - Hits : 15 - Faceoff Wins : 35 - Blocked Shots : 10 - Penalty Minutes : 9
Official
Referees : Unknown
Linesman : Unknown
Game Notes
12:49 of 1st period - Devils goal is going for a video replay. After video review, Goal.
Julien Ellis enters game at 15:16 of 1st period
Anton Stralman and Fedor Tyutin fight to a draw at 7:11 of 3rd period
Jonathan Quick enters game at 7:50 of 3rd period
Finance
Level 1 -- Attendance: 5998 (99.97%) -- Ticket Income $629,790
Level 2 -- Attendance: 4675 (93.50%) -- Ticket Income $303,875
Level 3 -- Attendance: 2000 (100.00%) -- Ticket Income $80,000
Level 4 -- Attendance: 4000 (100.00%) -- Ticket Income $112,000
Luxury Box -- Attendance: 992 (99.20%) -- Ticket Income $178,560
Game was played at the The Pack Center.
Total Attendance: 17665 (98.14%)
Total Ticket Income: $1,304,225
Other Income: $195,634
Total Income: $1,499,859
Islanders
5 vs 5 Forward
Center Left Wing Right Wing Time % Phy DF OF
1 Joe Thornton Evander Kane Vladimir Tarasenko 40 1 2 2
2 Tomas Plekanec Tomas Fleischmann Jiri Hudler 30 1 2 2
3 Zac Dalpe R.J. Umberger Adam Pineault 20 1 2 2
4 Vladimir Tarasenko Zac Rinaldo Evander Kane 10 1 2 2
5 vs 5 Defense
Defense Defense Time % Phy DF OF
1 Ryan Ellis Fedor Tyutin 40 1 2 2
2 Jay Bouwmeester Dustin Byfuglien 30 1 2 2
3 T.J. Fast Tomas Kundratek 20 1 2 2
4 Justin Falk Ryan Ellis 10 1 2 2
PowerPlay Forward
Center Left Wing Right Wing Time % Phy DF OF
1 Joe Thornton Evander Kane Vladimir Tarasenko 60 1 2 2
2 Tomas Plekanec Tomas Fleischmann Jiri Hudler 40 1 2 2
PowerPlay Defense
Defense Defense Time % Phy DF OF
1 Ryan Ellis Fedor Tyutin 60 1 2 2
2 Jay Bouwmeester Dustin Byfuglien 40 1 2 2
Penalty Kill 4 Players Forward
Center Wing Time % Phy DF OF
1 Vladimir Tarasenko Evander Kane 60 1 2 2
2 Joe Thornton Tomas Fleischmann 40 1 2 2
Penalty Kill 4 Players Defense
Defense Defense Time % Phy DF OF
1 Ryan Ellis Fedor Tyutin 60 1 2 2
2 Jay Bouwmeester Dustin Byfuglien 40 1 2 2
Penalty Kill - 3 Players Forward
Forward Time % Phy DF OF
1 Vladimir Tarasenko 60 1 2 2
2 Evander Kane 40 1 2 2
Penalty Kill - 3 Players Defense
Defense Defense Time % Phy DF OF
1 Ryan Ellis Fedor Tyutin 60 1 2 2
2 Jay Bouwmeester Dustin Byfuglien 40 1 2 2
4 vs 4 Forward
Center Wing Time % Phy DF OF
1 Vladimir Tarasenko Evander Kane 60 1 2 2
2 Joe Thornton Tomas Fleischmann 40 1 2 2
4 vs 4 Defense
Defense Defense Time % Phy DF OF
1 Ryan Ellis Fedor Tyutin 60 1 2 2
2 Jay Bouwmeester Dustin Byfuglien 40 1 2 2
Last Minutes Offensive
Center Left Wing Right Wing Defense Defense
Joe Thornton Evander Kane Vladimir Tarasenko Ryan Ellis Fedor Tyutin
Last Minutes Defensive
Center Left Wing Right Wing Defense Defense
Joe Thornton Evander Kane Vladimir Tarasenko Ryan Ellis Fedor Tyutin
Goaltenders
Starting : Jonathan Quick
Backup : Julien Ellis
Extra Forwards
Normal : Carl Klingberg, R.J. Umberger, Zac Rinaldo - PP : Carl Klingberg, R.J. Umberger - PK : Zac Rinaldo
Extra Defensemen
Normal : T.J. Fast, Tomas Kundratek, Justin Falk - PP : T.J. Fast - PK : Tomas Kundratek, Justin Falk
Penalty Shots
Vladimir Tarasenko, Evander Kane, Joe Thornton, Tomas Fleischmann, R.J. Umberger
Scratches
David Legwand (Head Injury), Maxim Talbot (Right Forearm Injury), Mike Brown (Healthy)
Devils
5 vs 5 Forward
Center Left Wing Right Wing Time % Phy DF OF
1 Nazem Kadri Tyler Ennis Marian Gaborik 36 0 2 3
2 Jamie Arniel Zach Parise Chris Stewart 32 0 2 3
3 Brad Richards Martin Samuelsson Patrick Kaleta 22 0 2 3
4 Nick Bonino Eric Tangradi Brad Richardson 10 0 2 3
5 vs 5 Defense
Defense Defense Time % Phy DF OF
1 Kristopher Letang Anton Stralman 40 0 3 2
2 Michael Del Zotto Josh Gorges 35 0 3 2
3 Thomas Hickey Matt Donovan 25 0 3 2
4 Kristopher Letang Anton Stralman 0 1 2 2
PowerPlay Forward
Center Left Wing Right Wing Time % Phy DF OF
1 Patrick Kaleta Tyler Ennis Marian Gaborik 60 0 1 4
2 Brad Richards Zach Parise Chris Stewart 40 0 1 4
PowerPlay Defense
Defense Defense Time % Phy DF OF
1 Kristopher Letang Michael Del Zotto 60 0 1 4
2 Anton Stralman Josh Gorges 40 0 1 4
Penalty Kill 4 Players Forward
Center Wing Time % Phy DF OF
1 Martin Samuelsson Patrick Kaleta 60 1 3 1
2 Jamie Arniel Zach Parise 40 1 3 1
Penalty Kill 4 Players Defense
Defense Defense Time % Phy DF OF
1 Anton Stralman Josh Gorges 60 1 4 0
2 Michael Del Zotto Matt Donovan 40 1 4 0
Penalty Kill - 3 Players Forward
Forward Time % Phy DF OF
1 Zach Parise 60 1 3 1
2 Brad Richards 40 1 3 1
Penalty Kill - 3 Players Defense
Defense Defense Time % Phy DF OF
1 Kristopher Letang Anton Stralman 60 1 4 0
2 Matt Donovan Josh Gorges 40 1 4 0
4 vs 4 Forward
Center Wing Time % Phy DF OF
1 Zach Parise Tyler Ennis 60 0 2 3
2 Brad Richards Marian Gaborik 40 0 2 3
4 vs 4 Defense
Defense Defense Time % Phy DF OF
1 Kristopher Letang Anton Stralman 60 0 3 2
2 Michael Del Zotto Josh Gorges 40 0 3 2
Last Minutes Offensive
Center Left Wing Right Wing Defense Defense
Nazem Kadri Tyler Ennis Marian Gaborik Kristopher Letang Michael Del Zotto
Last Minutes Defensive
Center Left Wing Right Wing Defense Defense
Jamie Arniel Zach Parise Patrick Kaleta Josh Gorges Anton Stralman
Goaltenders
Starting : Maxime Daigneault
Backup : Thomas McCollum
Extra Forwards
Normal : Brad Richards, Patrick Kaleta, Martin Samuelsson - PP : Jamie Arniel, Patrick Kaleta - PK : Brad Richards
Extra Defensemen
Normal : Kristopher Letang, Matt Donovan, Michael Del Zotto - PP : Michael Del Zotto - PK : Kristopher Letang, Anton Stralman
Penalty Shots
Marian Gaborik, Tyler Ennis, Brad Richards, Chris Stewart, Zach Parise
Scratches
Mike Weber (Healthy)
% Time on Ice - Islanders
Lines # - Real PCT - Wanted PCT - Time Play
Normal Forward
1 - 37% - 40% - 16:36
2 - 32% - 30% - 14:23
3 - 26% - 20% - 11:38
4 - 6% - 10% - 2:34
Normal Defense
1 - 41% - 40% - 18:39
2 - 33% - 30% - 15:01
3 - 20% - 20% - 9:06
4 - 5% - 10% - 2:25
PP Forward
1 - 55% - 60% - 2:12
2 - 45% - 40% - 1:46
PP Defense
1 - 66% - 60% - 2:36
2 - 34% - 40% - 1:22
PK Forward
1 - 70% - 60% - 7:38
2 - 30% - 40% - 3:13
PK Defense
1 - 54% - 60% - 5:53
2 - 46% - 40% - 4:58
PK3 Forward
1 - 0% - 60%
2 - 0% - 40%
PK3 Defense
1 - 0% - 60%
2 - 0% - 40%
44 Forward
1 - 0% - 60%
2 - 0% - 40%
44 Defense
1 - 0% - 60%
2 - 0% - 40%
Last Minute Offensive - 0:00
Last Minute Defensive - 0:00
Total
Forward - 60:00
Defense - 60:00
|
% Time on Ice - Devils
Lines # - Real PCT - Wanted PCT - Time Play
Normal Forward
1 - 33% - 36% - 14:42
2 - 33% - 32% - 14:55
3 - 21% - 22% - 9:30
4 - 13% - 10% - 6:04
Normal Defense
1 - 42% - 40% - 19:12
2 - 35% - 35% - 15:57
3 - 22% - 25% - 10:02
4 - 0% - 0% - 0:00
PP Forward
1 - 57% - 60% - 6:13
2 - 43% - 40% - 4:38
PP Defense
1 - 77% - 60% - 8:20
2 - 23% - 40% - 2:31
PK Forward
1 - 75% - 60% - 2:59
2 - 25% - 40% - 0:59
PK Defense
1 - 65% - 60% - 2:34
2 - 35% - 40% - 1:24
PK3 Forward
1 - 0% - 60%
2 - 0% - 40%
PK3 Defense
1 - 0% - 60%
2 - 0% - 40%
44 Forward
1 - 0% - 60%
2 - 0% - 40%
44 Defense
1 - 0% - 60%
2 - 0% - 40%
Last Minute Offensive - 0:00
Last Minute Defensive - 0:00
Total
Forward - 60:00
Defense - 60:00
|
Play-by-Play
1st period
0:01 of 1st period - Joe Thornton wins face-off versus Marian Gaborik in neutral zone.
0:10 of 1st period - Snap shot by Vladimir Tarasenko.
0:10 of 1st period - Shot Misses the Net.
0:39 of 1st period - Slapshot by R.J. Umberger.
0:39 of 1st period - Shot Misses the Net.
0:53 of 1st period - Slapshot by Chris Stewart.
0:53 of 1st period - Shot Misses the Net.
0:55 of 1st period - Snap shot by Anton Stralman.
0:55 of 1st period - Shot Misses the Net.
1:12 of 1st period - Off-side.
1:13 of 1st period - Vladimir Tarasenko wins face-off versus Brad Richards in neutral zone.
1:44 of 1st period - Wrist shot by Vladimir Tarasenko.
1:44 of 1st period - Stopped by Maxime Daigneault without a rebound.
1:45 of 1st period - Tomas Plekanec wins face-off versus Jamie Arniel in Devils zone.
1:50 of 1st period - Slapshot by Jiri Hudler.
1:50 of 1st period - Stopped by Maxime Daigneault without a rebound.
1:51 of 1st period - Tomas Plekanec wins face-off versus Jamie Arniel in Devils zone.
2:01 of 1st period - Off-side.
2:02 of 1st period - Evander Kane wins face-off versus Nick Bonino in neutral zone.
2:24 of 1st period - Minor Penalty to Joe Thornton for Holding.
2:25 of 1st period - Vladimir Tarasenko wins face-off versus Patrick Kaleta in Islanders zone.
2:56 of 1st period - Wrist shot by Michael Del Zotto.
2:56 of 1st period - Stopped by Jonathan Quick with a rebound.
2:58 of 1st period - Snap shot by Brad Richards.
2:58 of 1st period - Shot Misses the Net.
3:00 of 1st period - Slapshot by Zach Parise.
3:00 of 1st period - Stopped by Jonathan Quick with a rebound.
3:02 of 1st period - Slapshot by Zach Parise.
3:02 of 1st period - Deflect By Zac Rinaldo.
3:02 of 1st period - Goal by Zach Parise - Islanders : 0 - Devils : 1.
3:03 of 1st period - Joe Thornton wins face-off versus Nazem Kadri in neutral zone.
4:08 of 1st period - Minor Penalty to Evander Kane for Checking from behind.
4:09 of 1st period - Vladimir Tarasenko wins face-off versus Patrick Kaleta in Islanders zone.
4:18 of 1st period - Snap shot by Tyler Ennis.
4:18 of 1st period - Goal by Tyler Ennis - Islanders : 0 - Devils : 2.
4:19 of 1st period - Joe Thornton wins face-off versus Nazem Kadri in neutral zone.
4:24 of 1st period - Snap shot by Evander Kane.
4:24 of 1st period - Stopped by Maxime Daigneault with a rebound.
4:26 of 1st period - Slapshot by Evander Kane.
4:26 of 1st period - Shot Misses the Net.
4:28 of 1st period - Slapshot by Dustin Byfuglien.
4:28 of 1st period - Stopped by Maxime Daigneault without a rebound.
4:29 of 1st period - Joe Thornton wins face-off versus Nazem Kadri in Devils zone.
4:52 of 1st period - Slapshot by Evander Kane.
4:52 of 1st period - Stopped by Maxime Daigneault with a rebound.
4:54 of 1st period - Slapshot by Vladimir Tarasenko.
4:54 of 1st period - Stopped by Maxime Daigneault with a rebound.
5:00 of 1st period - Snap shot by Vladimir Tarasenko.
5:00 of 1st period - Shot Misses the Net.
5:02 of 1st period - Wrist shot by Dustin Byfuglien.
5:02 of 1st period - Deflect By Joe Thornton.
5:02 of 1st period - Shot Misses the Net.
5:02 of 1st period - Puck is out of play.
5:03 of 1st period - Tomas Plekanec wins face-off versus Jamie Arniel in Devils zone.
5:16 of 1st period - Wrist shot by Zach Parise.
5:16 of 1st period - Stopped by Jonathan Quick with a rebound.
5:18 of 1st period - Snap shot by Jamie Arniel.
5:18 of 1st period - Stopped by Jonathan Quick with a rebound.
5:20 of 1st period - Wrist shot by Zach Parise.
5:20 of 1st period - Shot Blocked by Ryan Ellis.
8:01 of 1st period - Slapshot by Ryan Ellis.
8:01 of 1st period - Deflect By Joe Thornton.
8:01 of 1st period - Shot Misses the Net.
8:01 of 1st period - Puck is out of play.
8:02 of 1st period - Tomas Plekanec wins face-off versus Jamie Arniel in Devils zone.
8:13 of 1st period - Snap shot by Jiri Hudler.
8:13 of 1st period - Stopped by Maxime Daigneault with a rebound.
8:15 of 1st period - Snap shot by Tomas Fleischmann.
8:15 of 1st period - Stopped by Maxime Daigneault with a rebound.
8:17 of 1st period - Slapshot by Justin Falk.
8:17 of 1st period - Shot Blocked by Zach Parise.
8:59 of 1st period - Wrist shot by Nick Bonino.
8:59 of 1st period - Stopped by Jonathan Quick without a rebound.
9:00 of 1st period - Nick Bonino wins face-off versus Zac Dalpe in Islanders zone.
9:01 of 1st period - Slapshot by Michael Del Zotto.
9:01 of 1st period - Stopped by Jonathan Quick without a rebound.
9:02 of 1st period - Nick Bonino wins face-off versus Zac Dalpe in Islanders zone.
9:09 of 1st period - Snap shot by Nick Bonino.
9:09 of 1st period - Shot Misses the Net.
9:11 of 1st period - Slapshot by Michael Del Zotto.
9:11 of 1st period - Shot Blocked by Fedor Tyutin.
9:13 of 1st period - Snap shot by Brad Richardson.
9:13 of 1st period - Deflect By Eric Tangradi.
9:13 of 1st period - Shot Blocked by Fedor Tyutin.
9:13 of 1st period - Puck is out of play.
9:14 of 1st period - Joe Thornton wins face-off versus Zach Parise in Islanders zone.
9:51 of 1st period - Wrist shot by Nazem Kadri.
9:51 of 1st period - Shot Misses the Net.
9:53 of 1st period - Slapshot by Nazem Kadri.
9:53 of 1st period - Shot Misses the Net.
9:55 of 1st period - Slapshot by Tyler Ennis.
9:55 of 1st period - Stopped by Jonathan Quick without a rebound.
9:56 of 1st period - Brad Richards wins face-off versus Zac Dalpe in Islanders zone.
10:11 of 1st period - Wrist shot by Patrick Kaleta.
10:11 of 1st period - Shot Misses the Net.
11:15 of 1st period - Slapshot by Zac Dalpe.
11:15 of 1st period - Goal by Zac Dalpe - Islanders : 1 - Devils : 2.
11:16 of 1st period - Joe Thornton wins face-off versus Jamie Arniel in neutral zone.
11:36 of 1st period - Icing by Vladimir Tarasenko.
11:37 of 1st period - Nazem Kadri wins face-off versus Joe Thornton in Islanders zone.
11:53 of 1st period - Slapshot by Evander Kane.
11:53 of 1st period - Stopped by Maxime Daigneault without a rebound.
11:54 of 1st period - Tomas Plekanec wins face-off versus Jamie Arniel in Devils zone.
12:21 of 1st period - Evander Kane is hit by Marian Gaborik and loses puck.
12:30 of 1st period - Matt Donovan is hit by Evander Kane and loses puck.
12:47 of 1st period - Slapshot by Brad Richardson.
12:47 of 1st period - Deflect By Nick Bonino.
12:47 of 1st period - Stopped by Jonathan Quick with a rebound.
12:49 of 1st period - Wrist shot by Brad Richardson.
12:49 of 1st period - Devils goal is going for a video replay.
12:49 of 1st period - The goal is good.
12:49 of 1st period - Goal by Brad Richardson - Islanders : 1 - Devils : 3.
12:50 of 1st period - Tomas Plekanec wins face-off versus Nazem Kadri in neutral zone.
12:55 of 1st period - Snap shot by Jiri Hudler.
12:55 of 1st period - Shot Misses the Net.
13:02 of 1st period - Minor Penalty to Marian Gaborik for Interference.
13:03 of 1st period - Joe Thornton wins face-off versus Martin Samuelsson in Devils zone.
13:38 of 1st period - Icing by Tomas Fleischmann.
13:39 of 1st period - Evander Kane wins face-off versus Jamie Arniel in Islanders zone.
14:04 of 1st period - Martin Samuelsson is hit by Jiri Hudler and loses puck.
15:02 of 1st period - Penalty to Marian Gaborik is over, Marian Gaborik is back on ice.
15:02 of 1st period - Icing by Tomas Fleischmann.
15:03 of 1st period - Tomas Plekanec wins face-off versus Nazem Kadri in Islanders zone.
15:03 of 1st period - Tomas Plekanec is hit by Matt Donovan.
15:16 of 1st period - Snap shot by Marian Gaborik.
15:16 of 1st period - Goal by Marian Gaborik - Islanders : 1 - Devils : 4.
15:16 of 1st period - Julien Ellis enters game.
15:17 of 1st period - Jamie Arniel wins face-off versus Joe Thornton in neutral zone.
16:06 of 1st period - Minor Penalty to Jiri Hudler for Holding.
16:07 of 1st period - Patrick Kaleta wins face-off versus Vladimir Tarasenko in Islanders zone.
16:18 of 1st period - Tyler Ennis is hit by Evander Kane and loses puck.
16:33 of 1st period - Jay Bouwmeester is hit by Kristopher Letang and loses puck.
17:35 of 1st period - Chris Stewart is hit by Carl Klingberg and loses puck.
18:06 of 1st period - Penalty to Jiri Hudler is over, Jiri Hudler is back on ice.
18:45 of 1st period - Jiri Hudler is hit by Jamie Arniel and loses puck.
18:56 of 1st period - Tomas Kundratek is hit by Thomas Hickey and loses puck.
19:07 of 1st period - Kristopher Letang is hit by Joe Thornton and loses puck.
19:37 of 1st period - Icing by Evander Kane.
19:38 of 1st period - Nazem Kadri wins face-off versus Tomas Plekanec in Islanders zone.
19:43 of 1st period - Snap shot by Tyler Ennis.
19:43 of 1st period - Stopped by Julien Ellis without a rebound.
19:44 of 1st period - Tomas Plekanec wins face-off versus Nazem Kadri in Islanders zone.
Goals for this period are 1 for Islanders vs 4 for Devils.
Shots for this period are 10 for Islanders vs 13 for Devils.
2nd period
0:01 of 2nd period - Jamie Arniel wins face-off versus Joe Thornton in neutral zone.
0:12 of 2nd period - Wrist shot by Jamie Arniel.
0:12 of 2nd period - Shot Blocked by Ryan Ellis.
0:26 of 2nd period - Marian Gaborik is hit by Tomas Plekanec and loses puck.
0:47 of 2nd period - Patrick Kaleta is hit by Zac Dalpe and loses puck.
0:54 of 2nd period - Slapshot by Ryan Ellis.
0:54 of 2nd period - Shot Blocked by Michael Del Zotto.
0:56 of 2nd period - Snap shot by Fedor Tyutin.
0:56 of 2nd period - Shot Blocked by Josh Gorges.
0:58 of 2nd period - Slapshot by Fedor Tyutin.
0:58 of 2nd period - Deflect By Adam Pineault.
0:58 of 2nd period - Shot Blocked by Josh Gorges.
0:58 of 2nd period - Puck is out of play.
0:59 of 2nd period - Jamie Arniel wins face-off versus Evander Kane in Devils zone.
1:14 of 2nd period - Zach Parise is hit by Jay Bouwmeester and loses puck.
1:27 of 2nd period - Slapshot by Anton Stralman.
1:27 of 2nd period - Deflect By Tyler Ennis.
1:27 of 2nd period - Shot Misses the Net.
1:27 of 2nd period - Puck is out of play.
1:28 of 2nd period - Nazem Kadri wins face-off versus Tomas Plekanec in Islanders zone.
1:33 of 2nd period - Slapshot by Tyler Ennis.
1:33 of 2nd period - Stopped by Julien Ellis without a rebound.
1:34 of 2nd period - Jamie Arniel wins face-off versus Joe Thornton in Islanders zone.
2:23 of 2nd period - Marian Gaborik is hit by Jiri Hudler and loses puck.
2:40 of 2nd period - Minor Penalty to Tomas Plekanec for Cross-checking.
2:41 of 2nd period - Patrick Kaleta wins face-off versus Vladimir Tarasenko in Islanders zone.
4:08 of 2nd period - Slapshot by Jay Bouwmeester.
4:08 of 2nd period - Shot Blocked by Anton Stralman.
4:36 of 2nd period - Zac Rinaldo is hit by Jamie Arniel and loses puck.
4:40 of 2nd period - Penalty to Tomas Plekanec is over, Tomas Plekanec is back on ice.
4:47 of 2nd period - Zac Rinaldo is hit by Brad Richardson and loses puck.
4:54 of 2nd period - Snap shot by Nick Bonino.
4:54 of 2nd period - Shot Misses the Net.
5:14 of 2nd period - Eric Tangradi is hit by Adam Pineault and loses puck.
5:31 of 2nd period - Slapshot by Ryan Ellis.
5:31 of 2nd period - Shot Blocked by Chris Stewart.
5:33 of 2nd period - Slapshot by Fedor Tyutin.
5:33 of 2nd period - Stopped by Maxime Daigneault without a rebound.
5:34 of 2nd period - Tomas Plekanec wins face-off versus Jamie Arniel in Devils zone.
5:37 of 2nd period - Wrist shot by Tomas Fleischmann.
5:37 of 2nd period - Shot Blocked by Josh Gorges.
6:02 of 2nd period - Wrist shot by Evander Kane.
6:02 of 2nd period - Shot Misses the Net.
6:28 of 2nd period - Patrick Kaleta is hit by Zac Dalpe and loses puck.
7:17 of 2nd period - Slapshot by Brad Richards.
7:17 of 2nd period - Stopped by Julien Ellis with a rebound.
7:21 of 2nd period - Snap shot by Patrick Kaleta.
7:21 of 2nd period - Shot Blocked by Jiri Hudler.
7:23 of 2nd period - Slapshot by Patrick Kaleta.
7:23 of 2nd period - Stopped by Julien Ellis with a rebound.
7:25 of 2nd period - Snap shot by Brad Richards.
7:25 of 2nd period - Stopped by Julien Ellis with a rebound.
7:27 of 2nd period - Slapshot by Michael Del Zotto.
7:27 of 2nd period - Shot Misses the Net.
7:29 of 2nd period - Slapshot by Martin Samuelsson.
7:29 of 2nd period - Shot Misses the Net.
8:15 of 2nd period - Wrist shot by Martin Samuelsson.
8:15 of 2nd period - Deflect By Jiri Hudler.
8:15 of 2nd period - Shot Misses the Net.
8:15 of 2nd period - Puck is out of play.
8:16 of 2nd period - Vladimir Tarasenko wins face-off versus Jamie Arniel in Islanders zone.
8:18 of 2nd period - Icing by Ryan Ellis.
8:19 of 2nd period - Jamie Arniel wins face-off versus Joe Thornton in Islanders zone.
11:17 of 2nd period - Icing by Brad Richardson.
11:18 of 2nd period - Nick Bonino wins face-off versus Zac Dalpe in Devils zone.
11:31 of 2nd period - Wrist shot by Marian Gaborik.
11:31 of 2nd period - Stopped by Julien Ellis with a rebound.
12:34 of 2nd period - Fedor Tyutin is hit by Patrick Kaleta and loses puck.
12:47 of 2nd period - Backhand shot by Zac Dalpe.
12:47 of 2nd period - Goal by Zac Dalpe - Islanders : 2 - Devils : 4.
12:48 of 2nd period - Nazem Kadri wins face-off versus Joe Thornton in neutral zone.
13:12 of 2nd period - Icing by Vladimir Tarasenko.
13:13 of 2nd period - Joe Thornton wins face-off versus Jamie Arniel in Islanders zone.
14:13 of 2nd period - Minor Penalty to Dustin Byfuglien for Cross-checking.
14:14 of 2nd period - Vladimir Tarasenko wins face-off versus Patrick Kaleta in Islanders zone.
14:20 of 2nd period - Snap shot by Tyler Ennis.
14:20 of 2nd period - Stopped by Julien Ellis without a rebound.
14:21 of 2nd period - Patrick Kaleta wins face-off versus Vladimir Tarasenko in Islanders zone.
14:24 of 2nd period - Backhand shot by Tyler Ennis.
14:24 of 2nd period - Shot Misses the Net.
14:26 of 2nd period - Slapshot by Michael Del Zotto.
14:26 of 2nd period - Stopped by Julien Ellis with a rebound.
14:34 of 2nd period - Wrist shot by Patrick Kaleta.
14:34 of 2nd period - Shot Hit the Post.
14:36 of 2nd period - Snap shot by Patrick Kaleta.
14:36 of 2nd period - Stopped by Julien Ellis without a rebound.
14:37 of 2nd period - Vladimir Tarasenko wins face-off versus Patrick Kaleta in Islanders zone.
14:43 of 2nd period - Icing by Marian Gaborik.
14:44 of 2nd period - Vladimir Tarasenko wins face-off versus Patrick Kaleta in Devils zone.
16:04 of 2nd period - Wrist shot by Marian Gaborik.
16:04 of 2nd period - Goal by Marian Gaborik - Islanders : 2 - Devils : 5.
16:05 of 2nd period - Jamie Arniel wins face-off versus Tomas Plekanec in neutral zone.
16:20 of 2nd period - Slapshot by Thomas Hickey.
16:20 of 2nd period - Shot Misses the Net.
16:32 of 2nd period - Ryan Ellis is hit by Eric Tangradi and loses puck.
16:41 of 2nd period - Slapshot by Evander Kane.
16:41 of 2nd period - Shot Misses the Net.
16:43 of 2nd period - Wrist shot by Evander Kane.
16:43 of 2nd period - Stopped by Maxime Daigneault without a rebound.
16:44 of 2nd period - Zac Dalpe wins face-off versus Jamie Arniel in Devils zone.
16:45 of 2nd period - Wrist shot by Adam Pineault.
16:45 of 2nd period - Deflect By Zac Dalpe.
16:45 of 2nd period - Stopped by Maxime Daigneault with a rebound.
17:51 of 2nd period - Minor Penalty to Zac Rinaldo for Roughing.
17:52 of 2nd period - Vladimir Tarasenko wins face-off versus Patrick Kaleta in Islanders zone.
17:59 of 2nd period - Wrist shot by Evander Kane.
17:59 of 2nd period - Stopped by Maxime Daigneault with a rebound.
18:40 of 2nd period - Vladimir Tarasenko is hit by Chris Stewart and loses puck.
19:17 of 2nd period - Snap shot by Michael Del Zotto.
19:17 of 2nd period - Shot Blocked by Jay Bouwmeester.
19:51 of 2nd period - Penalty to Zac Rinaldo is over, Zac Rinaldo is back on ice.
Goals for this period are 1 for Islanders vs 1 for Devils.
Shots for this period are 5 for Islanders vs 9 for Devils.
3rd period
0:01 of 3rd period - Nazem Kadri wins face-off versus Joe Thornton in neutral zone.
0:12 of 3rd period - Snap shot by Vladimir Tarasenko.
0:12 of 3rd period - Shot Misses the Net.
0:14 of 3rd period - Slapshot by Ryan Ellis.
0:14 of 3rd period - Stopped by Maxime Daigneault without a rebound.
0:15 of 3rd period - Tyler Ennis wins face-off versus Joe Thornton in Devils zone.
0:15 of 3rd period - Tyler Ennis is hit by Evander Kane.
1:27 of 3rd period - Wrist shot by Evander Kane.
1:27 of 3rd period - Stopped by Maxime Daigneault with a rebound.
1:41 of 3rd period - Slapshot by Marian Gaborik.
1:41 of 3rd period - Shot Blocked by Jay Bouwmeester.
1:43 of 3rd period - Snap shot by Marian Gaborik.
1:43 of 3rd period - Shot Misses the Net.
1:45 of 3rd period - Slapshot by Michael Del Zotto.
1:45 of 3rd period - Stopped by Julien Ellis with a rebound.
1:47 of 3rd period - Snap shot by Nazem Kadri.
1:47 of 3rd period - Goal by Nazem Kadri - Islanders : 2 - Devils : 6.
1:48 of 3rd period - Joe Thornton wins face-off versus Nazem Kadri in neutral zone.
2:15 of 3rd period - Anton Stralman is hit by Jiri Hudler.
2:28 of 3rd period - Minor Penalty to Jay Bouwmeester for Holding.
2:29 of 3rd period - Patrick Kaleta wins face-off versus Vladimir Tarasenko in Islanders zone.
3:52 of 3rd period - Michael Del Zotto is hit by Zac Rinaldo and loses puck.
4:28 of 3rd period - Penalty to Jay Bouwmeester is over, Jay Bouwmeester is back on ice.
4:46 of 3rd period - Wrist shot by R.J. Umberger.
4:46 of 3rd period - Shot Misses the Net.
6:17 of 3rd period - Icing by Josh Gorges.
6:18 of 3rd period - Zach Parise wins face-off versus Joe Thornton in Devils zone.
6:31 of 3rd period - Dustin Byfuglien is hit by Nick Bonino and loses puck.
6:44 of 3rd period - Patrick Kaleta is hit by Jay Bouwmeester and loses puck.
6:52 of 3rd period - Minor Penalty to Jay Bouwmeester for High sticking.
6:53 of 3rd period - Vladimir Tarasenko wins face-off versus Patrick Kaleta in Islanders zone.
6:59 of 3rd period - Icing by Michael Del Zotto.
7:00 of 3rd period - Patrick Kaleta wins face-off versus Vladimir Tarasenko in Devils zone.
7:08 of 3rd period - Slapshot by Kristopher Letang.
7:08 of 3rd period - Goal by Kristopher Letang - Islanders : 2 - Devils : 7.
7:09 of 3rd period - Nazem Kadri wins face-off versus Evander Kane in neutral zone.
7:11 of 3rd period - Anton Stralman and Fedor Tyutin fight to a draw.
7:11 of 3rd period - Penalty to Anton Stralman for Fighting.
7:11 of 3rd period - Penalty to Fedor Tyutin for Fighting.
7:12 of 3rd period - Joe Thornton wins face-off versus Nazem Kadri in Islanders zone.
7:50 of 3rd period - Snap shot by Chris Stewart.
7:50 of 3rd period - Goal by Chris Stewart - Islanders : 2 - Devils : 8.
7:50 of 3rd period - Jonathan Quick enters game.
7:51 of 3rd period - Nazem Kadri wins face-off versus Joe Thornton in neutral zone.
8:13 of 3rd period - Ryan Ellis is hit by Marian Gaborik and loses puck.
8:19 of 3rd period - Off-side.
8:20 of 3rd period - Jamie Arniel wins face-off versus Tomas Plekanec in neutral zone.
8:27 of 3rd period - Slapshot by Michael Del Zotto.
8:27 of 3rd period - Stopped by Jonathan Quick without a rebound.
8:28 of 3rd period - Tomas Plekanec wins face-off versus Jamie Arniel in Islanders zone.
9:02 of 3rd period - Snap shot by Jamie Arniel.
9:02 of 3rd period - Stopped by Jonathan Quick without a rebound.
9:03 of 3rd period - Nazem Kadri wins face-off versus Joe Thornton in Islanders zone.
9:14 of 3rd period - Wrist shot by Ryan Ellis.
9:14 of 3rd period - Stopped by Maxime Daigneault without a rebound.
9:15 of 3rd period - Nazem Kadri wins face-off versus Evander Kane in Devils zone.
9:30 of 3rd period - Snap shot by Evander Kane.
9:30 of 3rd period - Shot Misses the Net.
10:13 of 3rd period - Slapshot by Dustin Byfuglien.
10:13 of 3rd period - Deflect By Adam Pineault.
10:13 of 3rd period - Shot Blocked by Martin Samuelsson.
10:13 of 3rd period - Puck is out of play.
10:14 of 3rd period - Joe Thornton wins face-off versus Nazem Kadri in Devils zone.
10:25 of 3rd period - Wrist shot by Vladimir Tarasenko.
10:25 of 3rd period - Shot Misses the Net.
10:41 of 3rd period - Tomas Fleischmann is hit by Josh Gorges and loses puck.
11:01 of 3rd period - Icing by Patrick Kaleta.
11:02 of 3rd period - Jamie Arniel wins face-off versus Adam Pineault in Devils zone.
11:33 of 3rd period - Snap shot by Vladimir Tarasenko.
11:33 of 3rd period - Stopped by Maxime Daigneault without a rebound.
11:34 of 3rd period - Joe Thornton wins face-off versus Nazem Kadri in Devils zone.
11:44 of 3rd period - Wrist shot by Matt Donovan.
11:44 of 3rd period - Stopped by Jonathan Quick with a rebound.
11:46 of 3rd period - Slapshot by Kristopher Letang.
11:46 of 3rd period - Deflect By Dustin Byfuglien.
11:46 of 3rd period - Stopped by Jonathan Quick without a rebound.
11:47 of 3rd period - Nazem Kadri wins face-off versus Joe Thornton in Islanders zone.
12:43 of 3rd period - Snap shot by R.J. Umberger.
12:43 of 3rd period - Stopped by Maxime Daigneault with a rebound.
12:45 of 3rd period - Slapshot by Jay Bouwmeester.
12:45 of 3rd period - Stopped by Maxime Daigneault without a rebound.
12:46 of 3rd period - Joe Thornton wins face-off versus Nazem Kadri in Devils zone.
13:54 of 3rd period - Icing by R.J. Umberger.
13:55 of 3rd period - Nick Bonino wins face-off versus Zac Dalpe in Islanders zone.
13:56 of 3rd period - Slapshot by Eric Tangradi.
13:56 of 3rd period - Stopped by Jonathan Quick with a rebound.
13:58 of 3rd period - Snap shot by Tyler Ennis.
13:58 of 3rd period - Stopped by Jonathan Quick with a rebound.
14:00 of 3rd period - Slapshot by Nazem Kadri.
14:00 of 3rd period - Stopped by Jonathan Quick without a rebound.
14:01 of 3rd period - Joe Thornton wins face-off versus Nazem Kadri in Islanders zone.
14:52 of 3rd period - Snap shot by Evander Kane.
14:52 of 3rd period - Deflect By Tomas Fleischmann.
14:52 of 3rd period - Shot Blocked by Matt Donovan.
14:52 of 3rd period - Puck is out of play.
14:53 of 3rd period - Jamie Arniel wins face-off versus Tomas Plekanec in Devils zone.
15:26 of 3rd period - Slapshot by R.J. Umberger.
15:26 of 3rd period - Stopped by Maxime Daigneault without a rebound.
15:27 of 3rd period - Nazem Kadri wins face-off versus Adam Pineault in Devils zone.
15:47 of 3rd period - Snap shot by R.J. Umberger.
15:47 of 3rd period - Deflect By Zac Dalpe.
15:47 of 3rd period - Shot Blocked by Michael Del Zotto.
15:47 of 3rd period - Puck is out of play.
15:48 of 3rd period - Joe Thornton wins face-off versus Jamie Arniel in Devils zone.
16:28 of 3rd period - Slapshot by Evander Kane.
16:28 of 3rd period - Stopped by Maxime Daigneault with a rebound.
16:32 of 3rd period - Wrist shot by Evander Kane.
16:32 of 3rd period - Stopped by Maxime Daigneault with a rebound.
16:34 of 3rd period - Snap shot by Fedor Tyutin.
16:34 of 3rd period - Shot Misses the Net.
16:36 of 3rd period - Slapshot by Ryan Ellis.
16:36 of 3rd period - Stopped by Maxime Daigneault without a rebound.
16:37 of 3rd period - Nazem Kadri wins face-off versus Tomas Plekanec in Devils zone.
16:46 of 3rd period - Jiri Hudler is hit by Nazem Kadri and loses puck.
16:51 of 3rd period - Wrist shot by Tyler Ennis.
16:51 of 3rd period - Shot Misses the Net.
16:53 of 3rd period - Slapshot by Josh Gorges.
16:53 of 3rd period - Stopped by Jonathan Quick without a rebound.
16:54 of 3rd period - Zac Dalpe wins face-off versus Jamie Arniel in Islanders zone.
17:04 of 3rd period - Icing by Tomas Kundratek.
17:05 of 3rd period - Nazem Kadri wins face-off versus Adam Pineault in Islanders zone.
17:10 of 3rd period - Slapshot by Marian Gaborik.
17:10 of 3rd period - Stopped by Jonathan Quick without a rebound.
17:11 of 3rd period - Joe Thornton wins face-off versus Nazem Kadri in Islanders zone.
17:23 of 3rd period - Minor Penalty to Nazem Kadri for Holding.
17:24 of 3rd period - Martin Samuelsson wins face-off versus Joe Thornton in Devils zone.
18:32 of 3rd period - Patrick Kaleta is hit by Tomas Fleischmann and loses puck.
19:09 of 3rd period - Evander Kane is hit by Anton Stralman and loses puck.
19:23 of 3rd period - Penalty to Nazem Kadri is over, Nazem Kadri is back on ice.
19:32 of 3rd period - Wrist shot by Adam Pineault.
19:32 of 3rd period - Shot Misses the Net.
19:43 of 3rd period - Josh Gorges is hit by Zac Rinaldo and loses puck.
Goals for this period are 0 for Islanders vs 3 for Devils.
Shots for this period are 10 for Islanders vs 13 for Devils.